 Dungeon Crawl Stone Soup version 0.30-b1-2-g02819fbbbe (webtiles) character file.

Game seed: 14928357036080106754

2576 Voryis the Slicer (level 9, -4/81 HPs)
             Began as a Minotaur Hunter on June 12, 2023.
             Was an Initiate of Ashenzari.
             Shot with a sling bullet by Joseph (10 damage)
             ... on level 8 of the Dungeon.
             The game lasted 00:30:47 (9012 turns).

Voryis the Slicer (Minotaur Hunter)                 Turns: 9012, Time: 00:30:47

Health: -4/81      AC: 11    Str: 16    XL:     9   Next: 32%
Magic:  7/7        EV: 12    Int:  6    God:    Ashenzari [......]
Gold:   474        SH:  0    Dex: 18    Spells: 8/8 levels left

rFire   x . .        h - +11 dagger of the Stopping Madman {antimagic, Str+2}
rCold   + . .        (no shield)
rNeg    . . .        E - +0 steam dragon scales
rPois   .            (helmet restricted)
rElec   .            B - +0 cloak
rCorr   .            k - +0 pair of gloves
SInv    .            (no boots)
Will    .....        w
                       - Hermit's Pendant {Faith Invo=14 Evo=0 MP+5}
Stlth   ++           q - ring of ice
HPRegen 0.33/turn    x - +4 ring of protection
MPRegen 0.10/turn

%: faith
@: no status effects
A: horns 2, retaliatory headbutt, weak 1
a: Renounce Religion, Curse Item


You were on level 8 of the Dungeon.
You worshipped Ashenzari.
Ashenzari was noncommittal.
You visited 1 branch of the dungeon, and saw 8 of its levels.

You collected 474 gold pieces.

Inventory:

Hand Weapons
 a - a +0 shortbow
 h - the +11 dagger of the Stopping Madman (weapon) {antimagic, Str+2}
   (You found it on level 5 of the Dungeon)

   Str:       It affects your strength (+2).
 j - a +3 vampiric whip
 m - a +0 glaive of draining
 u - the +6 flail "Weihyem" {drain, rC+ Str+3}
   (You found it on level 3 of the Dungeon)

   Str:       It affects your strength (+3).
   rC:        It protects you from cold.
 A - a +3 quarterstaff of chaos
Armour
 k - a +0 pair of gloves (worn)
 o - an orb of energy
 B - a +0 cloak (worn)
 E - +0 steam dragon scales (worn)
Magical Staves
 F - a staff of poison
Jewellery
 e - a ring of protection from fire
 f - a ring of wizardry
 q - a ring of ice (left hand)
 w - the Hermit's Pendant (around neck) {Faith Invo=14 Evo=0 MP+5}
   (You found it on level 4 of the Dungeon)

   [amulet of faith]

   Invo=14: It sets your Invocations skill to 14.
   Evo=0: It sets your Evocations skill to 0.
   It allows you to gain divine favour quickly.
   MP:        It affects your magic capacity (+5).
 x - a +4 ring of protection (right hand)
Wands
 g - a wand of quicksilver (11)
 s - a wand of iceblast (8)
 v - a wand of paralysis (4)
Scrolls
 b - a scroll of immolation
 i - 2 scrolls of amnesia
 p - 2 scrolls of noise
 y - 8 scrolls of identify
 D - a scroll of fog
 G - a scroll of vulnerability {unknown}
Potions
 d - 2 potions of attraction
 l - a potion of berserk rage
 n - a potion of ambrosia
 t - a potion of mutation
 z - 3 potions of flight
 C - a potion of degeneration {unknown}


   Skills:
 - Level 8.0 Fighting
 + Level 11.3 Short Blades
 - Level 3.6 Maces & Flails
 - Level 4.6 Ranged Weapons
 - Level 2.2 Dodging
 - Level 0.7 Stealth


You had 8 spell levels left.
You didn't know any spells.
Your spell library contained the following spells:

 Spells                   Type           Power      Damage    Failure   Level
 Kiss of Death            Conj/Necr      0%         2d5       45%         1
 Summon Small Mammal      Summ           0%         N/A       45%         1
 Sublimation of Blood     Necr           0%         N/A       58%         2
 Wereblood                Tmut           0%         N/A       58%         2
 Call Canine Familiar     Summ           0%         N/A       83%         3
 Confusing Touch          Hex            0%         N/A       83%         3
 Summon Guardian Golem    Hex/Summ       0%         N/A       83%         3
 Dispel Undead            Necr           0%         3d6       99%         4
 Summon Hydra             Summ           0%         N/A       100%        7


Dungeon Overview and Level Annotations

Branches:
Dungeon (8/15)             Temple (0/1) D:7
   Lair: D:8-11

Altars:
Ashenzari
Uskayaw
Xom

Shops:
D:8 (

Portals:
Ossuary: D:8

Annotations:
D:8 Joseph


Innate Abilities, Weirdness & Mutations

You have a pair of horns on your head.
You reflexively headbutt those who attack you in melee.
You are weak. (Str -2)


Message History

The troll is moderately wounded.
You closely miss the troll.
The troll is moderately wounded.
The troll barely misses you. The troll completely misses you.
The troll claws you but does no damage.
You closely miss the troll.
The troll is moderately wounded.
You puncture the troll!
The troll is severely wounded.
The troll bites you. The troll claws you but does no damage.
The troll claws you.
* * * LOW HITPOINT WARNING * * *
Joseph attacks as you move away!
Joseph unwields a +0 sling.
Joseph wields a +0 quarterstaff.
Joseph hits you but does no damage.
Joseph unwields a +0 quarterstaff.
Joseph wields a +0 sling.
Joseph shoots a sling bullet.
The sling bullet hits you but does no damage.
Joseph says, "I've waited for this moment for such a long time."
Joseph shoots a sling bullet.
The sling bullet hits you.
* * * LOW HITPOINT WARNING * * *
You feel better. The troll bites you but does no damage. The troll claws you.
* * * LOW HITPOINT WARNING * * *
The troll closely misses you.
You barely miss the troll.
The troll is severely wounded.
You hit the troll.
The troll is severely wounded.
The troll barely misses you. The troll misses you. The troll claws you.
* * * LOW HITPOINT WARNING * * *
Joseph attacks as you move away!
Joseph unwields a +0 sling.
Joseph wields a +0 quarterstaff.
Joseph closely misses you. You furiously retaliate!
You headbutt Joseph. You hit the troll. You headbutt the troll.
You kill the troll!
Joseph unwields a +0 quarterstaff.
Joseph wields a +0 sling.
Joseph shoots a sling bullet.
The sling bullet hits you!
* * * LOW HITPOINT WARNING * * *
Your Short Blades skill increases to level 11!
Joseph shoots a sling bullet.
The sling bullet hits you!
You die...

#..........>..........
###......###.##.#.##..
##.....# #..........
#....## #..#.#.##..
#....####..#.#.##..
###..)..#. #.#.##..
#.###)####.#.##..
##.#........#.####
#@.......##.......
#........''.......
#........##.......
#.@......##.......
#........##.......
#........##.......
#........##.......
#........##.......
#.#########.......


You could see Joseph.

Vanquished Creatures
  Maggie (D:7)
  A troll (D:8)
  A steam dragon (D:7)
  3 black bears
  A sky beast (D:7)
  2 ogres (D:5)
  Blork the orc (D:6)
  A phantom (D:4)
  A bullfrog (D:7)
  5 scorpions
  3 killer bees (D:7)
  7 howler monkeys
  Crazy Yiuf (D:2)
  A hound (D:4)
  A jelly (D:7)
  An orc priest (D:6)
  3 iguanas (D:5)
  5 orc wizards
  4 gnolls
  5 adders
  A shadow imp (D:7)
  2 white imps (D:5)
  An ufetubus (D:5)
  3 worms
  3 dart slugs
  20 orcs
  5 endoplasms
  2 giant cockroaches
  7 goblins
  9 hobgoblins
  6 jackals
  A quokka (D:1)
  12 ball pythons
  2 bats
  5 frilled lizards
  6 kobolds
  5 rats
138 creatures vanquished.

Vanquished Creatures (others)
  4 fungi (D:1)
  11 plants (D:3)
15 creatures vanquished.

Grand Total: 153 creatures vanquished

Notes
Turn   | Place    | Note
-------+----------+-------------------------------------------
     0 | D:1      | Voryis the Minotaur Hunter began the quest for the Orb.
     0 | D:1      | Reached XP level 1. HP: 18/18 MP: 0/0
   326 | D:1      | Reached XP level 2. HP: 24/25 MP: 1/1
  1105 | D:2      | Reached XP level 3. HP: 33/33 MP: 2/2
  2026 | D:2      | Found a runed translucent door.
  2027 | D:2      | Noticed Crazy Yiuf
  2172 | D:3      | Reached skill level 5 in Fighting
  2172 | D:3      | Reached XP level 4. HP: 42/42 MP: 3/3
  2388 | D:3      | Identified the +6 flail "Weihyem" {drain, rC+ Str+3}
  2840 | D:3      | Found a faded altar of an unknown god.
  3047 | D:4      | Noticed a phantom
  3057 | D:4      | Killed a phantom
  3058 | D:4      | Reached XP level 5. HP: 42/50 MP: 4/4
  3098 | D:4      | Found the Hermit's Pendant {Faith Invo=14 Evo=0 MP+5}
  3251 | D:4      | Found a broken altar of Ashenzari.
  3256 | D:4      | Became a worshipper of Ashenzari the Shackled
  3284 | D:4      | Reached skill level 1 in Maces & Flails
  3374 | D:4      | Found a shimmering altar of Xom.
  4128 | D:5      | Entered Level 5 of the Dungeon
  4136 | D:5      | Reached XP level 6. HP: 60/60 MP: 15/15
  4493 | D:4      | Gained mutation: You are frail. (-10% HP) [potion of
                  | mutation]
  4493 | D:4      | Gained mutation: You are weak. (Str -2) [potion of
                  | mutation]
  4493 | D:4      | Lost mutation: You are frail. (-10% HP) [potion of
                  | mutation]
  4555 | D:5      | Identified the +11 dagger of the Stopping Madman
                  | {antimagic, Str+2}
  4608 | D:5      | Reached skill level 1 in Short Blades
  4608 | D:5      | Reached XP level 7. HP: 36/68 MP: 7/16
  4660 | D:5      | Reached skill level 3 in Short Blades
  5179 | D:5      | Reached skill level 4 in Short Blades
  5687 | D:5      | Reached skill level 5 in Short Blades
  6021 | D:6      | Reached skill level 6 in Short Blades
  6021 | D:6      | Reached XP level 8. HP: 70/74 MP: 7/17
  6413 | D:6      | Noticed Blork the orc
  6422 | D:6      | Killed Blork the orc
  6427 | D:6      | Reached skill level 7 in Short Blades
  7228 | D:2      | Killed Crazy Yiuf
  7404 | D:7      | Reached skill level 8 in Short Blades
  7613 | D:7      | Noticed Maggie
  7663 | D:7      | Found a hide-covered altar of Uskayaw.
  7689 | D:7      | Killed Maggie
  7690 | D:7      | Reached skill level 9 in Short Blades
  7945 | D:7      | Reached skill level 10 in Short Blades
  7945 | D:7      | Reached XP level 9. HP: 81/81 MP: 7/18
  8003 | D:7      | Found a staircase to the Ecumenical Temple.
  8770 | D:8      | Found Ujeomunosk's Antique Weapon Shop.
  8885 | D:8      | Found a sand-covered staircase.
  8971 | D:8      | Noticed Joseph
  8975 | D:8      | Noticed a troll
  9011 | D:8      | Killed a troll
  9012 | D:8      | Reached skill level 11 in Short Blades
  9012 | D:8      | Shot with a sling bullet by Joseph

Illustrated notes

Levels and vault maps discovered:
D:1:      scummos_arrival_simple_crosswalls, layout_basic, nrook_mini_backslash,
          minmay_misc_feat_hallway, chequers_big_river,
          minmay_shallow_snake_nest
D:2:      layout_basic, uniq_crazy_yiuf_cottage
D:3:      layout_loops_ring, chequers_ecumenical_altar_lobes, dk_noncrumbling_2,
          minmay_tree_intersection, serial_bayou_lagoon_b
D:4:      layout_layer_cave, mainiacjoe_overflow_big_doors
D:5:      nicolae_cairo_tiling_large_dashed, layout_loops_ring,
          grunt_ministairs_13
D:6:      layout_basic, uniq_blork_the_orc
D:7:      layout_loops_ring, eat_drink_and_be_merry_uskayaw,
          minmay_temple_entry_water_ring, uniq_maggie
D:8:      layout_basic, lair_entry_dummy, serial_shops, shop, kennysheep_mini,
          kennysheep_mini_moat, chequers_ossuary_entry_cave,
          corexii_corridor_pit, uniq_pikel, uniq_erica, uniq_joseph

Skill      XL: |  1  2  3  4  5  6  7  8  9 |
---------------+----------------------------+-----
Fighting       | 3 5 6 7 8 |  8.0
Maces & Flails | 1 3 |  3.6
Short Blades   | 1 6 10 11 | 11.3
Ranged Weapons | |  4.6
Dodging        | |  2.2
Stealth        | |  0.7

Action                     |  1- 3 |  4- 6 |  7- 9 || total
---------------------------+-------+-------+-------++-------
  Melee: Flail             |       |    47 |       ||    47
         Headbutt          |       |     7 |    32 ||    39
         Dagger            |       |     7 |   158 ||   165
         Punch             |       |       |     7 ||     7
   Fire: Shortbow          |   103 |    16 |       ||   119
  Throw: Throwing net      |       |       |     1 ||     1
    Use: Scroll            |     3 |     2 |     2 ||     7
         Potion            |       |    13 |     3 ||    16
   Stab: Sleeping          |       |       |     1 ||     1
 Armour: Leather armour    |    17 |    12 |    16 ||    45
         Steam dragon scal |       |       |    19 ||    19
  Dodge: Dodged            |    45 |    36 |    72 ||   153
